 Dungeon Crawl Stone Soup version 0.29.1-2-gbd0b4ee654 (webtiles) character file.

Game seed: 17002572851972232888

434 qeuew the Covert (level 7, -6/45 HPs)
             Began as an Octopode Brigand on Nov 3, 2022.
             Mangled by an ogre
             ... wielding a +0 giant spiked club
              (30 damage)
             ... on level 4 of the Dungeon.
             The game lasted 00:04:46 (3888 turns).

qeuew the Covert (Octopode Brigand)                 Turns: 3888, Time: 00:04:46

Health: -6/45      AC:  1    Str: 10    XL:     7   Next: 0%
Magic:  6/6        EV: 13    Int: 13    God:
Gold:   198        SH:  0    Dex: 16    Spells: 6/6 levels left

rFire   . . .      SeeInvis .   a - +3 dagger (vorpal)
rCold   . . .      Faith    .   (no shield)
rNeg    . . .      Spirit   .   (helmet restricted)
rPois   .          Reflect  .   (no amulet)
rElec   .          Harm     .   (no ring)
rCorr   .          Rampage  .   (no ring)
Will    .....      Rage     3%  (no ring)
Stlth   +++++.....              (no ring)
HPRegen 0.15/turn               (no ring)
MPRegen 0.10/turn               (no ring)
                                (no ring)
                                (no ring)

@: no status effects
A: almost no armour, amphibious, 8 rings, camouflage 1, gelatinous body 1,
(nimble swimmer 1), tentacles, berserk 1, low MP 1, sense surroundings 1
a: no special abilities


You were on level 4 of the Dungeon.
You visited 1 branch of the dungeon, and saw 4 of its levels.

You collected 198 gold pieces.

Inventory:

Hand Weapons
 a - a +3 vorpal dagger (weapon)
Missiles
 b - 12 poisoned darts (quivered)
 c - 3 curare-tipped darts
Jewellery
 k - a ring of magical power
Wands
 d - a wand of iceblast (7)
 f - a wand of digging (5)
Scrolls
 h - a scroll of amnesia {unknown}
 i - 4 scrolls of teleportation
 l - a scroll of enchant armour {unknown}
 m - a scroll of immolation {unknown}
Potions
 e - a potion of flight
 g - a potion of might
 j - 2 potions of curing


   Skills:
 + Level 2.7 Fighting
 + Level 3.4 Short Blades
 * Level 3.8 Throwing
 + Level 1.7 Dodging
 + Level 8.6 Stealth


You had 6 spell levels left.
You didn't know any spells.
Your spell library contained the following spells:

 Spells                   Type           Power      Damage    Failure   Level
 Leda's Liquefaction      Hex/Erth       0%         N/A       97%         4
 Lee's Rapid Deconstruct  Erth           0%         3d5*      100%        5
 Statue Form              Tmut/Erth      0%         N/A       100%        6


Dungeon Overview and Level Annotations

Branches:
Dungeon (4/15)
 Temple: D:4-7

Altars:

Shops:
D:4 !


Innate Abilities, Weirdness & Mutations

You cannot wear most types of armour.
You are amphibious.
You can wear up to eight rings at the same time.
Your skin changes colour to match your surroundings (Stealth+).
Your rubbery body absorbs attacks. (AC +1, EV +1)
((You are camouflaged when in or above water. (Stealth+)))
You have tentacles for arms and can constrict up to eight enemies at once.
You sometimes lose your temper in combat.
Your magical capacity is low. (-10% MP)
You passively map a small area around you.


Message History

A hobgoblin comes into view.
No reachable target in view!
A hobgoblin is nearby!
No reachable target in view!
No reachable target in view!
No reachable target in view!
A hobgoblin is nearby!
No reachable target in view!
No target in view!
No target in view!
The hobgoblin shouts!
You hear a shout!
You hear a croak.
An ogre comes into view. It is wielding a +0 giant spiked club.
The ogre moves out of view.
A bullfrog comes into view.
Found an onyx ring.
You now have 198 gold pieces (gained 5).
The hobgoblin barely misses you.
You hit the hobgoblin.
You kill the hobgoblin!
You hit the ogre.
The ogre is lightly wounded.
The ogre hits you with a +0 giant spiked club!!
Ouch! That really hurt!
You are too injured to fight recklessly!
An orc comes into view. It is wielding a +0 dagger.
Throw: 13 darts (poison)
Press: ? - help, Q - select action, (/) - cycle Shift-Dir - straight line, f - ogre
Aim: an ogre, wielding a +0 giant spiked club (lightly wounded, 76% to hit)
You throw a poisoned dart.
The poisoned dart barely misses the ogre.
You hit the ogre. You squeeze the ogre!
The ogre is heavily wounded.
The ogre barely misses you.
You hit the ogre. You squeeze the ogre.
The ogre is almost dead.
You hit the ogre.
The ogre is almost dead.
The ogre hits you with a +0 giant spiked club!!
Ouch! That really hurt!
You die...

,
.##...#...##..##.........
*
#....#.(..#####.........
##..###...#.............
,#.........#...)......###
+.........'..........#..
,
#.........#..........#..
,
,#.........#..........#..
,#######O..#..........#..
* , * #@..#..........#..
, #.......#..........#..
,, #.......#..........#..
, ##.####.#..........###
#. *######'#######. ,, #
,, #........... ,
#........... , , ,
#........... , ,
#...........


You could see an ogre.

Vanquished Creatures
  Menkaure (D:4)
  A scorpion (D:4)
  A jelly (D:4)
  Ijyb (D:3)
  Jessica (D:2)
  3 gnolls (D:4)
  6 adders
  A worm (D:4)
  4 orcs
  5 ball pythons
  10 endoplasms
  2 giant cockroaches
  16 goblins
  7 hobgoblins
  5 jackals (D:1)
  2 quokkas
  8 bats
  3 frilled lizards
  7 kobolds
  4 rats
88 creatures vanquished.

Notes
Turn   | Place    | Note
-------+----------+-------------------------------------------
     0 | D:1      | qeuew the Octopode Brigand began the quest for the Orb.
     0 | D:1      | Reached XP level 1. HP: 14/14 MP: 1/1
   425 | D:1      | Reached XP level 2. HP: 19/19 MP: 2/2
  1072 | D:1      | Reached skill level 6 in Stealth
  1072 | D:1      | Reached XP level 3. HP: 24/24 MP: 3/3
  1319 | D:1      | Gained mutation: Your magical capacity is low. (-10% MP)
                  | [potion of mutation]
  1319 | D:1      | Gained mutation: You sometimes lose your temper in combat.
                  | [potion of mutation]
  1319 | D:1      | Gained mutation: Your muscles are strong. (Str +4, Int/Dex
                  | -1) [potion of mutation]
  1319 | D:1      | Gained mutation: You are partially covered in iridescent
                  | scales. (AC +2) [potion of mutation]
  1775 | D:2      | Reached XP level 4. HP: 29/29 MP: 3/3
  1961 | D:2      | Noticed Jessica
  2023 | D:2      | Killed Jessica
  2175 | D:2      | Lost mutation: You are partially covered in iridescent
                  | scales. (AC +2) [potion of mutation]
  2175 | D:2      | Lost mutation: Your muscles are strong. (Str +4, Int/Dex
                  | -1) [potion of mutation]
  2175 | D:2      | Gained mutation: You passively map a small area around you.
                  | [potion of mutation]
  2283 | D:3      | Reached XP level 5. HP: 21/35 MP: 4/4
  2430 | D:3      | Noticed Ijyb
  2436 | D:3      | Killed Ijyb
  2437 | D:3      | Reached skill level 7 in Stealth
  2635 | D:3      | Found a faded altar of an unknown god.
  3050 | D:4      | Noticed Menkaure
  3057 | D:4      | HP: 1/35 [Menkaure (13)]
  3059 | D:4      | Killed Menkaure
  3060 | D:4      | Reached skill level 8 in Stealth
  3060 | D:4      | Reached XP level 6. HP: 27/41 MP: 5/5
  3651 | D:4      | Found Angai's Distillery.
  3852 | D:4      | Reached XP level 7. HP: 45/45 MP: 6/6
  3888 | D:4      | Mangled by an ogre

Illustrated notes

Levels and vault maps discovered:
D:1:      nagdon_arrival_double_spiral, layout_loops_ring, serial_bayou_pond_e,
          chequers_serial_rivers_large_a
D:2:      layout_loops_ring, uniq_jessica
D:3:      layout_basic, shapermc_ecumenical_altar_mp_urbaneastern, uniq_ijyb
D:4:      layout_gridville, serial_shops, nicolae_take_the_stairs,
          grunt_ministairs_12, minmay_puff, uniq_menkaure

Skill      XL: |  1  2  3  4  5 |
---------------+----------------+-----
Stealth        | 6 8 |  8.6
Throwing       | 3 |  3.8
Short Blades   | 3 |  3.4
Fighting       | |  2.7
Dodging        | |  1.7

Action                   |  1- 3 |  4- 6 |  7- 9 || total
-------------------------+-------+-------+-------++-------
Melee: Dagger            |    74 |    76 |     5 ||   155
       Constrict         |    15 |    14 |       ||    29
       Tentacles         |    12 |     8 |     2 ||    22
       Punch             |     1 |       |       ||     1
Throw: Dart              |       |       |     1 ||     1
  Use: Scroll            |     3 |     6 |       ||     9
       Potion            |     2 |     3 |       ||     5
 Stab: Sleeping          |    13 |    17 |       ||    30
       Distracted        |       |     2 |       ||     2
Armor: Skin              |     9 |     2 |       ||    11
Dodge: Dodged            |    42 |    22 |     2 ||    66
